 Dungeon Sprint DCSS version 0.26-a0-663-g36e8fdb655 (webtiles) character file.

Game seed: 11908643825119370876

5140 Conn the Thaumaturge (level 10, -8/63 HPs)
             Began as an Octopode Hedge Wizard on Oct 11, 2020.
             Was a High Priest of Sif Muna.
             Mangled by a merfolk
             ... wielding a +0 glaive
              (26 damage)
             ... in the Dungeon (Sprint VII: "The Pits").
             The game lasted 00:32:31 (3088 turns).

Conn the Thaumaturge (Octopode Hedge Wizard)        Turns: 3088, Time: 00:32:32

Health: -8/63      AC:  1    Str: 12    XL:     10   Next: 58%
Magic:  14/26      EV: 19    Int: 21    God:    Sif Muna [*****.]
Gold:   0          SH:  0    Dex: 13    Spells: 2/33 levels left

rFire    . . .     SeeInvis .   t - +2 rapier (elec)
rCold    + . .     Faith    .   (no shield)
rNeg     . . .     Spirit   .   b - +0 hat
rPois    .         Reflect  .   (no amulet)
rElec    .         Harm     .   p - +3 ring of strength
rCorr    .         Rampage  .   o - +3 ring of evasion
MR       .....     NoTele   +   (no ring)
Stlth    +++++.....             (no ring)
HPRegen  0.20/turn              (no ring)
MPRegen  0.20/turn              (no ring)
                                (no ring)
                                (no ring)

@: lethally poisoned (-8 -> -27)
A: almost no armour, stealthy swim, amphibious, 8 rings, constrict 8, camouflage
1, agile 1, blink, cold resistance 1, gelatinous body 1
a: Blink, Channel Magic, Forget Spell, Divine Exegesis, Renounce Religion


You were in the Dungeon.
You worshipped Sif Muna.
Sif Muna was extremely pleased with you.
You visited 1 branch

Inventory:

Hand Weapons
 a - a +0 dagger
 c - a +2 falchion of electrocution
 n - a +0 dagger of electrocution
 t - a +2 rapier of electrocution (weapon)
Armour
 b - a +0 hat (worn)
Jewellery
 o - a +3 ring of evasion (right tentacle)
 p - a +3 ring of strength (left tentacle)
Scrolls
 k - 3 scrolls of remove curse
 l - 4 scrolls of amnesia
 m - a scroll of summoning
Potions
 d - 7 potions of curing
 e - 8 potions of heal wounds
 g - 3 potions of magic
 h - 2 potions of berserk rage


   Skills:
 + Level 3.9 Fighting
 + Level 5.5(6.6) Short Blades
 + Level 5.4(6.5) Long Blades
 + Level 5.7 Dodging
 + Level 9.2 Stealth
 * Level 12.3 Spellcasting
 * Level 9.2 Conjurations
 + Level 1.7 Hexes
   Level 3.8 Summonings
 + Level 3.9 Translocations
 - Level 2.2 Transmutations
 * Level 8.4 Fire Magic
 + Level 3.4 Air Magic
 + Level 5.6 Earth Magic
 + Level 2.0 Poison Magic
 - Level 8.0 Invocations


You had 2 spell levels left.
You knew the following spells:

 Your Spells              Type           Power        Failure   Level
a - Magic Dart            Conj           ####         1%          1
b - Blink                 Tloc           N/A          1%          2
c - Searing Ray           Conj           ######       1%          2
d - Conjure Flame         Conj/Fire      ######..     1%          3
e - Mephitic Cloud        Conj/Pois/Air  ####....     1%          3
f - Slow                  Hex            ###.....     3%          2
g - Petrify               Tmut/Erth      ####....     10%         4
h - Stone Arrow           Conj/Erth      #####.       1%          3
i - Bolt of Magma         Conj/Fire/Erth #####.....   6%          5
j - Iron Shot             Conj/Erth      #####.....   36%         6

Your spell library contained the following spells:

 Spells                   Type           Power        Failure   Level
 Foxfire                  Conj/Fire      ####         1%          1
 Call Imp                 Summ           ####....     1%          2
 Passwall                 Tmut/Erth      ####....     1%          2
 Poisonous Vapours        Pois/Air       ###...       2%          2
 Inner Flame              Hex/Fire       ####....     1%          3
 Sticky Flame             Conj/Fire      ######..     1%          4
 Fireball                 Conj/Fire      ######....   3%          5
 Leda's Liquefaction      Hex/Erth       ####......   11%         4
 Olgreb's Toxic Radiance  Pois           ###.....     22%         4
 Alistair's Intoxication  Tmut/Pois      ###......    50%         5
 Orb of Destruction       Conj           ######....   69%         7
 Eringya's Noxious Bog    Tmut/Pois      ###.......   97%         6
 Dragon Form              Tmut           ###.......   100%        7


Dungeon Overview and Level Annotations

Branches:
Dungeon (1/1)

Altars:
Ashenzari
Cheibriados
Dithmenos
Elyvilon
Fedhas
Gozag
Hepliaklqana
Kikubaaqudgha
Makhleb
Nemelex Xobeh
Okawaru
Qazlal
Ru
Sif Muna
Trog
Uskayaw
Vehumet
Wu Jian
Xom
Yredelemnul
Zin
The Shining One
Beogh
Jiyva
Lugonu


Innate Abilities, Weirdness & Mutations

You cannot wear most types of armour.
You are very stealthy in the water. (Stealth+)
You are amphibious.
You can wear up to eight rings at the same time.
You can use your tentacles to constrict eight enemies at once.
Your skin changes colour to match your surroundings (Stealth+).
Your rubbery body absorbs attacks. (AC +1, EV +1)
You are agile. (Dex +2)
You can translocate small distances at will.
Your flesh is cold resistant. (rC+)


Message History

The merfolk impaler is engulfed in noxious fumes.
The merfolk is engulfed in noxious fumes.
You feel sick.
The merfolk impaler is engulfed in noxious fumes.
The merfolk is engulfed in noxious fumes.
The merfolk appears confused.
Press: ? - help, v - describe, . - travel
Here: an emperor scorpion The floor.
Unknown command.
Casting: Mephitic Cloud (safe; 1% risk of failure)
Confirm with . or Enter, or press ? or * to list all spells.
You blink.
* * * LOW HITPOINT WARNING * * *
You feel sick.
The merfolk impaler is engulfed in noxious fumes.
The merfolk impaler appears confused.
The merfolk impaler hits the emperor scorpion with a +1 trident of venom.
The merfolk hits you with a +0 glaive!!
You die...

.........+ ..#......#
.........# ##''######
##''##### ###########
##..(...# #........§#
##......# ##...°ms.##
###....## ####○.○#### ## #
##''## ###..'m@.'(.##..#
###)...###....##)##.....#
##....).#....##.†.##....#.
##....).'....+.....+....'.
##......#.(..##...##....#.
###....###....##+## ....#
# ##''## ###..'...+ .##..#
###....## ####...#### ###
##......# ##.......##


You could see an emperor scorpion, a merfolk impaler (confused, very poisoned)
and a merfolk (confused).

Vanquished Creatures
  A flayed ghost (D)
  An unseen horror (D)
  An orc sorcerer (D)
  An elephant (D)
  A molten gargoyle (D)
  A gargoyle (D)
  A red devil (D)
  2 guardian mummies (D)
  A merfolk (D)
  A polar bear (D)
  A vampire (D)
  3 ynoxinuls (D)
  A tarantella (D)
  A warg (D)
  A soldier ant (D)
  An acid dragon (D)
  2 water moccasins (D)
  A floating eye (D)
  2 black bears (D)
  3 centaurs (D)
  A scorpion (D)
  2 iguanas (D)
  3 worker ants (D)
  2 adders (D)
  An ufetubus (D)
  2 adder skeletons (D)
  An orc (D)
  A bat zombie (D)
  2 goblins (D)
  A hobgoblin (D)
  A kobold (D)
  A ball python skeleton (D)
  2 bats (D)
  A jackal skeleton (D)
48 creatures vanquished.

Vanquished Creatures (others)
  A quicksilver dragon (D)
  23 acid blobs (D)
  13 death oozes (D)
  A necromancer (D)
  A merfolk (D)
39 creatures vanquished.

Grand Total: 87 creatures vanquished

Notes
Turn   | Place    | Note
-------+----------+-------------------------------------------
     0 | D        | Conn the Octopode Hedge Wizard began the quest for the Orb.
     0 | D        | Reached XP level 1. HP: 11/11 MP: 4/4
    29 | D        | Killed an acid blob
    40 | D        | Found a bloodstained altar of Trog.
    40 | D        | Found a shimmering blue altar of Sif Muna.
    40 | D        | Found a viscous altar of Jiyva.
    40 | D        | Found a hazy altar of Hepliaklqana.
    40 | D        | Found an opulent altar of Gozag.
    41 | D        | Found a glowing golden altar of the Shining One.
    41 | D        | Found a glowing silver altar of Zin.
    41 | D        | Found a basalt altar of Yredelemnul.
    41 | D        | Found a shimmering altar of Xom.
    41 | D        | Found an ornate altar of the Wu Jian Council.
    41 | D        | Found a sacrificial altar of Ru.
    41 | D        | Found a stormy altar of Qazlal.
    41 | D        | Found an iron altar of Okawaru.
    41 | D        | Found a sparkling altar of Nemelex Xobeh.
    41 | D        | Found a burning altar of Makhleb.
    41 | D        | Found a blossoming altar of Fedhas.
    41 | D        | Found a white marble altar of Elyvilon.
    41 | D        | Found a shadowy altar of Dithmenos.
    41 | D        | Found a snail-covered altar of Cheibriados.
    42 | D        | Found a radiant altar of Vehumet.
    42 | D        | Found a corrupted altar of Lugonu.
    42 | D        | Found a roughly hewn altar of Beogh.
    43 | D        | Found an ancient bone altar of Kikubaaqudgha.
    43 | D        | Found a hide-covered altar of Uskayaw.
    43 | D        | Found a broken altar of Ashenzari.
    44 | D        | Became a worshipper of Sif Muna the Loreminder
    46 | D        | Killed a death ooze
    66 | D        | Reached skill level 1 in Long Blades
    66 | D        | Reached skill level 4 in Spellcasting
    66 | D        | Reached XP level 2. HP: 17/17 MP: 5/7
    70 | D        | Learned a level 2 spell: Blink
    70 | D        | Killed an acid blob
    73 | D        | Learned a level 2 spell: Call Imp
    75 | D        | Noticed a floating eye
    77 | D        | Killed a floating eye
    77 | D        | Reached * piety under Sif Muna
    77 | D        | Reached skill level 6 in Spellcasting
    77 | D        | Reached XP level 3. HP: 22/22 MP: 7/11
    77 | D        | Reached XP level 4. HP: 27/27 MP: 7/12
    85 | D        | Learned a level 3 spell: Conjure Flame
    89 | D        | Learned a level 3 spell: Mephitic Cloud
    92 | D        | Learned a level 2 spell: Slow
   119 | D        | Reached ** piety under Sif Muna
   119 | D        | Reached XP level 5. HP: 28/32 MP: 11/14
   122 | D        | Reached skill level 7 in Spellcasting
   122 | D        | Killed an acid blob
   131 | D        | Killed an acid blob
   132 | D        | Killed an acid blob
   185 | D        | Killed an acid blob
   290 | D        | Killed an acid blob
   348 | D        | Killed an acid blob
   378 | D        | Noticed a black bear
   378 | D        | Noticed a warg
   378 | D        | Noticed a centaur
   398 | D        | Killed a warg
   398 | D        | Reached *** piety under Sif Muna
   398 | D        | Reached skill level 1 in Fighting
   398 | D        | Reached skill level 5 in Stealth
   398 | D        | Reached skill level 1 in Fire Magic
   398 | D        | Reached skill level 1 in Air Magic
   410 | D        | Killed a black bear
   410 | D        | Reached skill level 5 in Conjurations
   410 | D        | Reached XP level 6. HP: 37/38 MP: 4/16
   413 | D        | Reached skill level 8 in Spellcasting
   413 | D        | Reached **** piety under Sif Muna
   428 | D        | Killed a death ooze
   461 | D        | Killed an acid blob
   496 | D        | Reached skill level 1 in Invocations
   496 | D        | Reached XP level 7. HP: 44/44 MP: 14/18
   519 | D        | Noticed a guardian mummy
   570 | D        | Killed an acid blob
   591 | D        | Killed an acid blob
   599 | D        | Killed a guardian mummy
   599 | D        | Reached skill level 9 in Spellcasting
   599 | D        | Reached skill level 1 in Poison Magic
   618 | D        | Killed a death ooze
   737 | D        | Killed an acid blob
   737 | D        | Reached ***** piety under Sif Muna
   740 | D        | Identified Sif Muna's Guide on Cankerous Changing (Sif Muna
                  | gifted it to you in the Dungeon)
   740 | D        | Received a gift from Sif Muna
   740 | D        | Reached skill level 5 in Long Blades
   740 | D        | Reached skill level 1 in Hexes
   764 | D        | Noticed a soldier ant
   775 | D        | Reached XP level 8. HP: 41/50 MP: 11/21
   777 | D        | Reached skill level 10 in Spellcasting
   777 | D        | Reached skill level 5 in Fire Magic
   829 | D        | Killed a death ooze
   852 | D        | Killed a necromancer
   853 | D        | Killed a death ooze
   911 | D        | Killed a death ooze
   945 | D        | Killed an acid blob
  1008 | D        | Killed an acid blob
  1089 | D        | Learned a level 4 spell: Petrify
  1095 | D        | Noticed a ynoxinul
  1105 | D        | Noticed a guardian mummy
  1113 | D        | Killed a ynoxinul
  1113 | D        | Reached skill level 1 in Transmutations
  1113 | D        | Reached skill level 1 in Earth Magic
  1171 | D        | Killed a guardian mummy
  1274 | D        | Killed an acid blob
  1287 | D        | Killed an acid blob
  1357 | D        | Killed a death ooze
  1405 | D        | Reached skill level 5 in Invocations
  1414 | D        | Noticed a ynoxinul
  1442 | D        | Killed a ynoxinul
  1445 | D        | Identified Sif Muna's Reference Book on Dusty Venom (Sif
                  | Muna gifted it to you in the Dungeon)
  1445 | D        | Received a gift from Sif Muna
  1456 | D        | Learned a level 3 spell: Stone Arrow
  1462 | D        | Learned a level 5 spell: Bolt of Magma
  1529 | D        | Noticed a flayed ghost
  1529 | D        | Noticed a red devil
  1539 | D        | Killed a red devil
  1539 | D        | Reached skill level 1 in Short Blades
  1539 | D        | Reached XP level 9. HP: 46/55 MP: 7/23
  1541 | D        | Killed an acid blob
  1648 | D        | Killed a flayed ghost
  1648 | D        | Reached skill level 5 in Dodging
  1648 | D        | Reached skill level 11 in Spellcasting
  1664 | D        | Noticed an elephant
  1664 | D        | Noticed a gargoyle
  1701 | D        | Killed a gargoyle
  1731 | D        | Killed an elephant
  1818 | D        | Killed a death ooze
  1929 | D        | Learned a level 6 spell: Iron Shot
  1929 | D        | Noticed an orc sorcerer
  1929 | D        | Killed an acid blob
  1932 | D        | Noticed a molten gargoyle
  1966 | D        | Gained mutation: Your spells are a little easier to cast,
                  | but a little less powerful. [potion of mutation]
  1966 | D        | Gained mutation: Your muscles are strong. (Str +2) [potion
                  | of mutation]
  1966 | D        | Gained mutation: You have a pair of small antennae on your
                  | head. [potion of mutation]
  2127 | D        | Lost mutation: You have a pair of small antennae on your
                  | head. [potion of mutation]
  2127 | D        | Lost mutation: Your spells are a little easier to cast, but
                  | a little less powerful. [potion of mutation]
  2127 | D        | Lost mutation: Your muscles are strong. (Str +2) [potion of
                  | mutation]
  2127 | D        | Gained mutation: You can translocate small distances at
                  | will. [potion of mutation]
  2127 | D        | Gained mutation: You are agile. (Dex +2) [potion of
                  | mutation]
  2127 | D        | Gained mutation: Your flesh is cold resistant. (rC+)
                  | [potion of mutation]
  2254 | D        | Killed an orc sorcerer
  2254 | D        | Identified Sif Muna's Handbook of Confrontation (Sif Muna
                  | gifted it to you in the Dungeon)
  2254 | D        | Received a gift from Sif Muna
  2254 | D        | Reached skill level 5 in Earth Magic
  2254 | D        | Reached XP level 10. HP: 59/63 MP: 25/25
  2263 | D        | Learned a level 2 spell: Searing Ray
  2420 | D        | Killed a molten gargoyle
  2433 | D        | Killed a death ooze
  2463 | D        | Killed a death ooze
  2502 | D        | Killed an acid blob
  2588 | D        | Reached skill level 12 in Spellcasting
  2606 | D        | Killed an unseen horror
  2606 | D        | Reached skill level 5 in Short Blades
  2700 | D        | Killed a quicksilver dragon
  2716 | D        | Noticed an emperor scorpion
  2718 | D        | Noticed a merfolk impaler
  2742 | D        | HP: 3/63 [poisoned by a merfolk impaler]
  2819 | D        | Killed an acid blob
  2828 | D        | Killed an acid blob
  2863 | D        | Received a gift from Sif Muna
  2877 | D        | Killed a death ooze
  2882 | D        | Killed a death ooze
  2983 | D        | Killed a death ooze
  3053 | D        | Killed an acid blob
  3056 | D        | Killed an acid blob
  3088 | D        | Mangled by a merfolk

Illustrated notes

Levels and vault maps discovered:
D:        pitsprint [storerooms_1, entrance_room_1, metal_vault_2, armoury_1,
          mini_pit_1, grid_room_1, main_hall_1, silver_pit, the_coven_1,
          the_vestibule_1, steel_vault_1, golden_pit, hallway_of_sentries,
          crystal_vault_2, iron_vault_2, final_vault]

Skill      XL: |  1  2  3  4  5  6  7  8  9 10 |
---------------+-------------------------------+-----
Long Blades    | 1 2 3 4 5 |  5.4
Stealth        | 3 4 5 6 7 8 9 |  9.2
Spellcasting   | 4 6 7 8 9 10 11 12 | 12.3
Dodging        | 3 4 5 |  5.7
Conjurations   | 3 5 6 7 8 9 |  9.2
Fighting       | 1 2 3 |  3.9
Translocations | 2 3 |  3.9
Fire Magic     | 2 3 4 6 7 8 |  8.4
Air Magic      | 2 3 |  3.4
Invocations    | 1 4 5 7 8 |  8.0
Summonings     | 2 3 |  3.8
Poison Magic   | 1 2 |  2.0
Hexes          | 1 |  1.7
Transmutations | 2 |  2.2
Earth Magic    | 3 5 |  5.6
Short Blades   | 1 3 5 |  5.5

Action                   |  1- 3 |  4- 6 |  7- 9 | 10-12 || total
-------------------------+-------+-------+-------+-------++-------
Melee: Dagger            |     3 |       |       |       ||     3
       Falchion          |     4 |    17 |    13 |       ||    34
       Constrict         |     2 |     2 |    14 |    10 ||    28
       Tentacles         |     1 |     5 |    11 |     9 ||    26
       Rapier            |       |       |    62 |    32 ||    94
 Cast: Blink             |       |     1 |     4 |     6 ||    11
       Mephitic Cloud    |       |     3 |     7 |     9 ||    19
       Call Imp          |       |     2 |    12 |       ||    14
       Conjure Flame     |       |     1 |     7 |       ||     8
       Magic Dart        |       |       |    33 |       ||    33
       Slow              |       |       |     4 |       ||     4
       Stone Arrow       |       |       |    12 |       ||    12
       Petrify           |       |       |     3 |    10 ||    13
       Bolt of Magma     |       |       |       |     3 ||     3
Invok: Channel Magic     |       |       |     1 |       ||     1
  Use: Potion            |       |       |     8 |     4 ||    12
       Scroll            |       |       |       |     2 ||     2
 Stab: Sleeping          |     1 |     1 |     2 |     3 ||     7
       Confused          |       |     2 |     2 |       ||     4
       Petrified         |       |       |     2 |     2 ||     4
       Invisible         |       |       |     3 |       ||     3
Armor: Skin              |     1 |       |     4 |     1 ||     6
Dodge: Dodged            |     6 |    18 |    65 |    32 ||   121
       Rpst.: Falchion   |     1 |     7 |     2 |       ||    10

Table legend: (Time is in decaauts)
 A = Elapsed time spent in this place.
 B = Non-inter-level travel time spent in this place.
 C = Inter-level travel time spent in this place.
 D = Time resting spent in this place.
 E = Time spent auto-exploring this place.
 F = Levels seen in this place.
 G = Mean time per level.
                   A        B        C        D        E       F      G
               +--------+--------+--------+--------+--------+-----+--------+
         Total |   3083 |   3083 |      0 |   1869 |      0 |   1 | 3083.0 |
       Dungeon |   3083 |   3083 |      0 |   1869 |      0 |   1 | 3083.0 |
               +--------+--------+--------+--------+--------+-----+--------+

Top non-repeatable levels by time:
       D: 3083 daAuts
